AoeStats
← GORGORY

Arena

509005626Analyzed
1v1 RM · 7d ago on Sep 25, 2026· 47m 8s· 2 players
Game mode
Random Map
Map size
Tiny (2 player)
Population
200
Speed
Normal
Resources
Standard
Victory
Conquest
Starting age
Dark Age
Ending age
Imperial Age
RankedLock teamsTeams togetherTeam positionsShared explorationLock speedFull tech treeHidden civsTurbo modeCheats
Victory
Defeat
🇧🇷 Danes · Brazil
989
+17
🇦🇷 Franks · Argentina
1010
-17
Androman
10:56 Feudal Age
15:10 Castle Age
13:22 Double-Bit Axe
14:32 Gold Mining
17:02 Fletching
19:30 Gold Shaft Mining
20:35 Pikeman
21:38 Scale Mail Armor
23:38 Horse Collar
25:10 Wheelbarrow
24:24 Loom
25:56 Padded Archer Armor
25:55 Bodkin Arrow
27:26 Chain Mail Armor
27:24 Forging
31:19 Imperial Age
29:00 Padded Archer Armor
29:38 Bow Saw
29:26 Town Watch
29:40 Stone Mining
30:47 Husbandry
31:22 Leather Archer Armor
32:11 Hand Cart
32:46 Bracer
33:39 Squires
33:59 Heavy Plow
36:27 Ring Archer Armor
37:26 Siege Engineers
36:48 Halberdier
38:27 Iron Casting
39:59 Plate Mail Armor
40:23 Conscription
39:53 Gambesons
40:31 Town Patrol
41:33 Blast Furnace
41:31 Thumb Ring
40:46 Cranequins
42:08 Masonry
42:21 Ballistics
44:07 Chemistry
43:36 Heavy Mounted Crossbowman
44:42 Hamask
GORGORY
5:06 Loom
8:43 Feudal Age
9:11 Double-Bit Axe
13:10 Wheelbarrow
16:21 Castle Age
15:12 Stone Mining
15:20 Gold Mining
18:11 Scale Barding Armor
23:36 Husbandry
24:05 Fervor
24:17 Sanctity
24:00 Town Watch
24:46 Bow Saw
26:02 Forging
27:25 Chain Barding Armor
28:55 Hand Cart
29:41 Iron Casting
30:05 Ballistics
29:41 Murder Holes
31:46 Gold Shaft Mining
34:24 Imperial Age
32:07 Light Cavalry
34:38 Town Patrol
35:27 Conscription
34:32 Cavalier
38:57 Plate Barding Armor
39:22 Blast Furnace
40:18 Chivalry
42:57 Paladin
43:16 Elite Throwing Axeman
43:49 Fletching
43:59 Padded Archer Armor
44:31 Bodkin Arrow
45:31 Leather Archer Armor
Connection lost

Rejoining the realm…

Still unreachable

The connection could not be restored.

Session expired

The server has moved on; the page needs a fresh start.